Orko, chaotic female orcish Wizard ---------------------- --- |....................| --- |..- ---- |<+---------------...----------.---- -... -----...-- |...| |....--...--......| ...--.|......--- ---.--- ---...........)...-- |..............| |...| ------....---....| ---- -.............-- -----.| ---- |...-- |....-- |..-- |..............-- --.- |.| |..| --...| --....-- |.>.| -..o...........- |...--.| ----..| |....| --....---...-- ----...| ......| --.....| |...--- --.--- |-..........-------------.--- - |.....| |...-- --- --.| --.........................| --....| --...---.--- --- |..............------------- |....-----.........---- |-...............| --.-- |-....--............|.-- |....|...........---...---- |......................| --.|.|............|.......-- --- --....................---- | ------......................-----.-- |.................-----....................................--...| ---...............| |..... ------.........--.|.|.|..........| ----.........---- -- |....--..-----------...---.-- -------.--- ---.------ |..-- --- --- --- ---- Orko the Thaumaturge Experience level: 6 Strength: 9 Dexterity: 15 Constitution: 16 Intelligence: 16 Wisdom: 9 Charisma: 11 Health: 43(43) Energy: 45(45) Def: 4 Gold: 46 Moves: 2875 Dungeon seed: pF3J9bbXIOk8M4V2 Game ID: Orko_1571057482 Your Inventory: Rings C - an uncursed +1 ring of adornment (on left hand) D - an uncursed ring of teleportation Q - an uncursed +1 ring of gain strength Armor h - an uncursed +0 orcish helm (being worn) n - an uncursed +0 cloak of magic resistance (being worn) u - an uncursed +0 leather armor (being worn) Y - an uncursed +0 dwarvish cloak Weapons b - a blessed +1 quarterstaff (alternate weapon; not wielded) f - an uncursed +0 axe (weapon in hand) s - 7 uncursed +0 shuriken x - 5 uncursed +0 darts (in quiver) J - a blessed +1 arrow P - an uncursed +0 dagger T - an uncursed +0 orcish dagger Wands w - an uncursed wand of fire named i (0:5) Scrolls I - an uncursed scroll of identify Comestibles l - 3 uncursed cream pies M - an uncursed apple N - an uncursed fortune cookie U - an uncursed lichen corpse Tools i - an uncursed bag of holding m - an uncursed mirror p - an uncursed blindfold t - an uncursed bag of tricks (0:16) K - an uncursed +0 pick-axe L - 7 cursed tallow candles (0:200) Gems e - an uncursed worthless piece of black glass named <# 1 q - an uncursed worthless piece of blue glass r - an uncursed rock named <@ 3* 4! 5/ y - an uncursed worthless piece of violet glass named <. 3> z - an uncursed worthless piece of yellow glass Coins $ - 46 gold pieces Spells and supernatural/magical abilities: Name Level Category Fail Memory a - force bolt 1 attack 0% 86% E - detect food 2 divination 70% 86% W - pray for help -- divine ? -- Your skills at the end: Fighting Skills Weapon Skills axe [Basic] quarterstaff [Basic] Spellcasting Skills attack spells [Basic] enchantment spells [Basic] Final Attributes: You were devoutly aligned. You were poison resistant. You were magic-protected. You were hallucinating. You were telepathic. You had infravision. You were adorned. You were lucky. You are dead. Vanquished creatures: a small mimic a gnome king a bugbear a wood nymph a Kop Lieutenant a floating eye 2 dwarves a kobold lord 14 Kop Sergeants an iguana 2 acid blobs 3 large kobolds a hobgoblin a giant rat a cave spider a yellow mold 5 gnomes 14 Keystone Kops a gecko 7 jackals a fox 3 kobolds 3 sewer rats 6 grid bugs 4 lichens 2 newts and a partridge in a pear tree 79 creatures vanquished. Voluntary challenges: You were an atheist. You used a wielded weapon 73 times, starting on turn 7. You were illiterate. You never genocided any monsters. You never polymorphed an object. You never changed form. You used no wishes. You never split a pudding. You never wrote Elbereth's name. You violated your moral code, losing 14 points of alignment, starting on turn 1424. You abstained from Elbereth's help. You werepermanently hallucinating. Dungeon overview: The Dungeons of Doom: levels 1 to 6 Level 1 a sink a long staircase Level 2 Level 3 a general store stairs to The Gnomish Mines Level 4 a potion shop Level 5 a wand shop, a fountain Level 6 The Gnomish Mines: Level 4 <- You were here stairs to The Dungeons of Doom History has recorded: On T:1 you entered the Dungeons of Doom to retrieve the Amulet of Yendor! On T:59 you reached level 2 of The Dungeons of Doom. On T:452 you reached level 3 of The Dungeons of Doom. On T:597 you reached level 1 of The Gnomish Mines. On T:725 you reached level 4 of The Dungeons of Doom. On T:806 you advanced to experience level 2. On T:1336 you advanced to experience level 3. On T:1413 you advanced to experience level 4. On T:1421 you reached level 5 of The Dungeons of Doom. On T:1513 you advanced to experience level 5. On T:1908 you reached level 6 of The Dungeons of Doom. On T:2544 you advanced to experience level 6. Score breakdown: Gold: 46 ( 5687 points) Experience: 6 levels (12456 points) Exploration: 6 levels ( 11.54%) ( 9393 points) Discoveries: 7 items ( 2.54%) ( 4777 points) Valuables value: (no points given unless you survive) Artifact value: 0 ( 0 points) Variety of kills: 26 monsters ( 6.82%) ( 7836 points) Turncount: 2875 turns ( -537 points) Survival: died (score multiplied by 80%) Total score: 31689 Latest messages: S - an orcish helm. T - an orcish dagger. Moving: h - a +0 orcish helm (being worn). Ulch! That meat was tainted! You feel deathly sick. You miss it. You hit it. You kill Godzilla! You see here a yellow mold corpse. This yellow mold corpse tastes terrible! You finish eating the yellow mold corpse. Oh wow! Great stuff! You die from your illness. The bag of holding is empty. The bag of holding is empty. Final status: Goodbye Orko the Wizard, poisoned by a rotted cave spider corpse... You were poisoned in The Gnomish Mines on dungeon level 4 with 31689 points, and 46 pieces of gold, after 2875 moves. You were level 6 with a maximum of 43 hit points when you were poisoned.